 Dungeon Crawl Stone Soup version 0.27-a0-79-gcaaa221d37 (webtiles) character file.

Game seed: 8161088853822876776

5194 lunkers the Spear-Bearer (level 10, 0/85 HPs)
             Began as a Merfolk Gladiator on Jan 14, 2021.
             Was an Initiate of Ru.
             Slain by a centaur (3 damage)
             ... on level 9 of the Dungeon.
             The game lasted 00:13:17 (9182 turns).

lunkers the Spear-Bearer (Merfolk Gladiator)        Turns: 9182, Time: 00:13:18

Health: 0/85       AC:  0    Str: 17    XL:     10   Next: 60%
Magic:  10/10      EV: 23    Int:  9    God:    Ru [......]
Gold:   469        SH:  0    Dex: 15    Spells: 9/9 levels left

rFire    . . .     SeeInvis .   (weapon currently unavailable)
rCold    . . .     Faith    .   (shield currently unavailable)
rNeg     . . .     Spirit   .   (armour currently unavailable)
rPois    .         Reflect  .   (helmet currently unavailable)
rElec    .         Harm     .   (cloak currently unavailable)
rCorr    .         Rampage  .   (gloves currently unavailable)
Will     .....                  (boots currently unavailable)
Stlth    +.........             (no amulet)
HPRegen  0.24/turn              (ring currently unavailable)
MPRegen  0.12/turn              (ring currently unavailable)

@: pig-form, berserk cooldown, slowed
A: small, (change form in water), (swift swim), (stealthy swim), screaming 1
a: Renounce Religion


You were on level 9 of the Dungeon.
You worshipped Ru.
Ru was noncommittal.
You were a filthy swine.
You visited 2 branches of the dungeon, and saw 10 of its levels.

You collected 469 gold pieces.

Inventory:

Hand Weapons
 a - a +0 trident
 v - a +0 halberd (melded)
Missiles
 d - 3 throwing nets {=f}
Armour
 c - a +0 helmet (melded)
 n - a +0 buckler
 s - a +0 cloak (melded)
 F - a +1 pair of gloves (melded)
 G - a +0 ring mail of willpower (melded)
Jewellery
 b - an uncursed ring of flight
 x - an uncursed ring of fire
 y - an uncursed ring of fire
 z - an uncursed ring of fire
 B - a +6 ring of intelligence
 C - a +4 ring of protection (melded)
 L - an uncursed ring of wizardry
 N - a ring of protection from fire (melded)
Wands
 t - a wand of flame (42)
 M - a wand of digging (5)
Scrolls
 e - a scroll of holy word {unknown}
 f - 2 scrolls of magic mapping
 g - 5 scrolls of remove curse
 h - a scroll of amnesia {unknown}
 l - 2 scrolls of teleportation {unknown}
 q - 2 scrolls of identify
 r - 3 scrolls of immolation {unknown}
 w - a scroll of random uselessness {unknown}
 D - 2 scrolls of enchant armour {unknown}
 E - 2 scrolls of noise {unknown}
 H - a scroll of blinking {unknown}
 J - a scroll of fear {unknown}
Potions
 i - 3 potions of lignification
 j - a potion of might
 k - 4 potions of heal wounds
 m - 2 potions of curing
 o - 3 potions of mutation
 p - 2 potions of attraction
 u - 2 potions of cancellation
 A - a potion of berserk rage
 I - a potion of invisibility
 K - a potion of flight


   Skills:
 - Level 10.0 Fighting
 - Level 14.0 Polearms
 - Level 2.0 Throwing
 + Level 10.9 Dodging


You had 9 spell levels left.
You didn't know any spells.
Your spell library contained the following spells:

 Spells                   Type           Power        Failure   Level
 Animate Skeleton         Necr           0%           38%         1
 Apportation              Tloc           0%           38%         1
 Corona                   Hex            0%           38%         1
 Magic Dart               Conj           0%           38%         1
 Summon Small Mammal      Summ           0%           38%         1
 Blink                    Tloc           N/A          52%         2
 Call Imp                 Summ           0%           52%         2
 Slow                     Hex            0%           52%         2
 Confusing Touch          Hex            0%           77%         3
 Conjure Flame            Conj/Fire      0%           77%         3
 Gell's Gravitas          Tloc           0%           77%         3
 Mephitic Cloud           Conj/Pois/Air  0%           77%         3
 Petrify                  Tmut/Erth      0%           99%         4
 Metabolic Englaciation   Hex/Ice        0%           100%        5
 Yara's Violent Unravell  Hex/Tmut       0%           100%        5


Dungeon Overview and Level Annotations

Branches:
Dungeon (9/15)             Temple (1/1) D:5             Orc (0/2) D:9
   Lair: D:8-11

Altars:
Ashenzari
Cheibriados
Dithmenos
Elyvilon
Fedhas
Gozag
Hepliaklqana
Kikubaaqudgha
Makhleb
Nemelex Xobeh
Okawaru
Qazlal
Ru
Sif Muna
Trog
Vehumet
Wu Jian
Xom
Yredelemnul
Zin
The Shining One
Beogh

Annotations:
D:8 3 runed translucent doors, Pooter's ghost, novice MiBe
D:9 1 runed translucent door, lmSkywalker's ghost, journeyman MfTm


Innate Abilities, Weirdness & Mutations

((You revert to your normal form in water.))
((You are very nimble and swift while swimming.))
((You are very stealthy in the water. (Stealth+)))
You occasionally shout uncontrollably at your foes.


Message History

There is an open door here.
You feel your anger nearly subside.
You are no longer berserk.
You are exhausted.
You feel yourself slow down.
The centaur unwields a +0 shortbow.
The centaur closely misses you. The ufetubus misses you. x2
The orc priest miscasts a cantrip.
The ufetubus closely misses you. The ufetubus completely misses you.
Unknown command.
Unknown command.
As you read the scroll labelled MUICAVACOOT, it crumbles to dust.
You feel aware of your surroundings.
You sensed 2 altars.
It was a scroll of magic mapping.
The centaur completely misses you. The ufetubus barely misses you.
The ufetubus closely misses you.
The orc warrior hits you from afar with a +0 glaive!
* * * LOW HITPOINT WARNING * * *
The centaur completely misses you. The ufetubus misses you. x2
A centaur skeleton comes into view.
The centaur hits you.
You die...

**,,,,,,#.....................#..
,,,**,,,........#Z.#*#..###..##.#
**************#(#.####[######....
,,,,,,,,,,,,,*#(((.......#.....8.
*******########)..(.>....#.......
,,,* *.......(#.................
**,* **....≈...#oo....≈...8....>.
,,,* *,....≈...c5.(.....(........
*,,* *,...≈≈...#h........#.......
,,,* *,....≈...#.........#[....8.
**,***,........#########.####....
*,,,,*,........# #........#
*,,,,*,........# ##########
***,,*,........# *,,,,*,*#######*
*,*,,*,* *,*,**,*


You could see an orc warrior, a centaur, an orc priest, an ufetubus and a
centaur skeleton.

Vanquished Creatures
  A two-headed ogre (D:9)
  Psyche (D:9)
  A kobold demonologist (D:9)
  A wyvern (D:8)
  Eustachio (D:5)
  2 ice beasts (D:8)
  2 orc warriors
  2 sky beasts
  3 black bears
  8 ogres
  4 necrophages (D:6)
  A phantom (D:8)
  2 centaurs
  4 bullfrogs
  3 scorpions
  4 howler monkeys
  3 hounds
  A quasit (D:9)
  An orc priest (D:4)
  2 jellies
  2 centaur skeletons
  Ijyb (D:3)
  Jessica (D:2)
  4 bullfrog skeletons
  An iguana (D:7)
  4 orc wizards (D:8)
  8 worker ants
  2 worker ant zombies (D:6)
  17 adders
  7 gnolls
  2 shadow imps
  A white imp (D:6)
  2 ufetubi
  An ooze (D:2)
  An adder skeleton (D:8)
  2 worms
  6 leopard geckos
  18 orcs
  2 ball pythons
  2 bats
  2 giant cockroaches
  5 hobgoblins
  13 jackals
  14 kobolds
  9 quokkas
  2 frilled lizards
  A giant cockroach zombie (D:5)
  7 goblins
  2 jackal zombies (D:6)
  A quokka skeleton (D:3)
  7 rats
  A bush (D:6)
195 creatures vanquished.

Vanquished Creatures (others)
  12 plants
12 creatures vanquished.

Grand Total: 207 creatures vanquished

Notes
Turn   | Place    | Note
-------+----------+-------------------------------------------
     0 | D:1      | lunkers the Merfolk Gladiator began the quest for the Orb.
     0 | D:1      | Reached XP level 1. HP: 16/16 MP: 1/1
   146 | D:1      | Reached skill level 5 in Polearms
   146 | D:1      | Reached XP level 2. HP: 11/23 MP: 2/2
   949 | D:1      | Reached XP level 3. HP: 28/28 MP: 3/3
  1323 | D:2      | Reached skill level 6 in Polearms
  1440 | D:2      | Noticed Jessica
  1445 | D:2      | Killed Jessica
  1446 | D:2      | Reached XP level 4. HP: 34/35 MP: 4/4
  1515 | D:2      | Reached skill level 7 in Polearms
  1515 | D:2      | Reached XP level 5. HP: 30/41 MP: 5/5
  1728 | D:2      | Found a hazy altar of Hepliaklqana.
  2270 | D:3      | Noticed Ijyb
  2301 | D:3      | Killed Ijyb
  2667 | D:3      | Noticed a black bear
  2677 | D:3      | Killed a black bear
  2678 | D:3      | Reached skill level 8 in Polearms
  2678 | D:3      | Reached XP level 6. HP: 36/49 MP: 6/6
  2791 | D:3      | Found a snail-covered altar of Cheibriados.
  3112 | D:3      | Found a stormy altar of Qazlal.
  3236 | D:4      | Reached skill level 9 in Polearms
  3339 | D:4      | Reached XP level 7. HP: 50/55 MP: 7/7
  3382 | D:4      | Found a sparkling altar of Nemelex Xobeh.
  3383 | D:4      | Found a broken altar of Ashenzari.
  3837 | D:4      | Reached skill level 5 in Fighting
  3872 | D:4      | Reached skill level 10 in Polearms
  4280 | D:5      | Entered Level 5 of the Dungeon
  4295 | D:5      | Found a white marble altar of Elyvilon.
  4306 | D:5      | Noticed Eustachio
  4315 | D:5      | Killed Eustachio
  4507 | D:5      | Found a basalt altar of Yredelemnul.
  4525 | D:5      | Reached skill level 11 in Polearms
  4525 | D:5      | Reached XP level 8. HP: 15/64 MP: 8/8
  5246 | D:5      | Found a staircase to the Ecumenical Temple.
  5261 | Temple   | Entered the Ecumenical Temple
  5352 | Temple   | Became a worshipper of Ru the Awakened
  5463 | D:5      | Found a radiant altar of Vehumet.
  5889 | D:5      | Reached skill level 12 in Polearms
  6216 | D:6      | Reached skill level 13 in Polearms
  6671 | D:6      | Reached XP level 9. HP: 71/72 MP: 9/9
  6820 | D:6      | Found a blossoming altar of Fedhas.
  6908 | D:6      | Reached skill level 5 in Dodging
  7008 | D:7      | Gained mutation: You occasionally shout uncontrollably at
                  | your foes. [Ru sacrifice]
  7419 | D:7      | Reached skill level 14 in Polearms
  7779 | D:8      | Found a sacrificial altar of Ru.
  7910 | D:8      | Found a white marble altar of Elyvilon.
  8122 | D:8      | Found a runed translucent gate.
  8122 | D:8      | Found a runed translucent gate.
  8122 | D:8      | Found a runed translucent gate.
  8123 | D:8      | Noticed Pooter's ghost (novice MiBe)
  8123 | D:8      | Identified the +9 halberd "Uqitzyel" {venom, +Rage rElec
                  | rPois rN++}
  8180 | D:8      | Found a shadowy altar of Dithmenos.
  8263 | D:8      | Reached XP level 10. HP: 83/83 MP: 10/10
  8717 | D:8      | Found a roughly hewn altar of Beogh.
  8766 | D:9      | Found a runed translucent door.
  8766 | D:9      | Found a shimmering altar of Xom.
  8766 | D:9      | Noticed lmSkywalker's ghost (journeyman MfTm)
  8766 | D:9      | Noticed a +4 rapier of chaos
  8914 | D:9      | Found a staircase to the Orcish Mines.
  8915 | D:9      | Noticed Psyche
  8944 | D:9      | Killed Psyche
  8945 | D:9      | Reached skill level 10 in Fighting
  9144 | D:9      | Noticed a kobold demonologist
  9145 | D:9      | Noticed a two-headed ogre
  9169 | D:9      | Killed a two-headed ogre
  9170 | D:9      | Reached skill level 10 in Dodging
  9171 | D:9      | Noticed a sun demon
  9173 | D:9      | Killed a kobold demonologist
  9182 | D:9      | HP: 3/85 [orc warrior/+0 glaive (13)]
  9182 | D:9      | Slain by a centaur

Illustrated notes

Levels and vault maps discovered:
D:1:      minmay_arrival_cross, layout_loops_ring, serial_co_window_serial,
          co_window_paths_a, co_window_paths_b, co_window_corner_a,
          co_window_corner_a, co_window_paths_a, co_window_corner_b,
          co_window_2corner, co_window_of_opportunity_b, co_window_corner_b,
          co_window_2corner, co_window_4corner_a, glass_columns_b,
          glass_columns_a, glass_columns_a, minmay_nonomino_d4
D:2:      layout_basic, nzn_hepliaklqana_mist_gate, kennysheep_jessica_study
D:3:      layout_loops_corners, lemuel_crystal_altar,
          nicolae_qazlal_eye_of_the_storm, uniq_ijyb
D:4:      layout_loops_corners, gammafunk_temple_overflow_pools,
          chequers_serial_rivers_room_b, chequers_big_river,
          kennysheep_pointless_box
D:5:      layout_basic, vehumet_crystals, lemuel_round_altar,
          minmay_temple_entry_large_hall, basic_altar, enter_ossuary_2,
          uniq_eustachio
D:6:      layout_cave_pools, serial_column_ruins, column_ruins_grid_4,
          column_ruins_open_small_water, column_ruins_grid_1,
          fedhas_altar_decomposition
D:7:      layout_basic, serial_corexii_hall, corexii_hall_statues_l,
          corexii_hall_statues_s, corexii_hall_statues_i
D:8:      minmay_angry_zag, layout_basic, kennysheep_mini, lemuel_round_altar,
          basic_altar, biasface_ghost_orc_armoury
D:9:      hangedman_cross_stitches, layout_basic, old_standard_altar,
          david_orc_2, ebering_ghost_xom, tgw_trog, uniq_psyche
Temple:   nicolae_temple_hex_pool

Skill      XL: |  1  2  3  4  5  6  7  8  9 10 |
---------------+-------------------------------+-----
Polearms       | 5 6 7 8 9 11 13 14 | 14.0
Fighting       | 3 4 5 7 9 10 | 10.0
Dodging        | 7 10 | 10.9
Throwing       | |  2.0

Action                   |  1- 3 |  4- 6 |  7- 9 | 10-12 || total
-------------------------+-------+-------+-------+-------++-------
Melee: Trident           |   111 |   150 |       |       ||   261
       Halberd           |       |    35 |   417 |   148 ||   600
       Unarmed           |       |       |       |     1 ||     1
Invok: Sacrifice Purity  |       |       |     1 |       ||     1
       Reject Sacrifices |       |       |       |     1 ||     1
  Use: Scroll            |       |       |    10 |     1 ||    11
       Potion            |       |       |       |     1 ||     1
Armor: Ring mail         |    24 |    55 |   129 |    47 ||   255
Dodge: Dodged            |    59 |    95 |   194 |   104 ||   452

Table legend: (Time is in decaauts)
 A = Elapsed time spent in this place.
 B = Non-inter-level travel time spent in this place.
 C = Inter-level travel time spent in this place.
 D = Time resting spent in this place.
 E = Time spent auto-exploring this place.
 F = Levels seen in this place.
 G = Mean time per level.
                   A        B        C        D        E       F      G
               +--------+--------+--------+--------+--------+-----+--------+
         Total |   9038 |   8745 |    293 |    306 |   7028 |  10 |  903.8 |
       Dungeon |   8935 |   8660 |    275 |    306 |   6961 |   9 |  992.8 |
        Temple |    102 |     85 |     17 |      0 |     66 |   1 |  102.0 |
               +--------+--------+--------+--------+--------+-----+--------+

Top non-repeatable levels by time:
     D:5: 1481 daAuts
     D:1: 1260 daAuts
     D:3: 1108 daAuts
     D:4: 1053 daAuts
     D:6: 1039 daAuts
     D:8: 951 daAuts
     D:2: 822 daAuts
     D:7: 806 daAuts
     D:9: 411 daAuts
  Temple: 102 daAuts
